 Dungeon Crawl Stone Soup version 0.32-a0-422-g28b100f618 (webtiles) character file.

Game seed: 13722908261550674491

1790 Sobieck the Shooter (level 9, -2/68 HPs)
             Began as a Coglin Hexslinger on Feb 21, 2024.
             Was a Believer of Okawaru.
             Slain by Pikel
             ... wielding a +1 whip of electrocution
              (15 damage)
             ... on level 6 of the Dungeon.
             The game lasted 00:12:15 (5328 turns).

Sobieck the Shooter (Coglin Hexslinger)             Turns: 5328, Time: 00:12:15

Health: -2/68      AC:  9    Str:  8    XL:     9   Next: 8%
Magic:  13/15      EV: 21    Int: 13    God:    Okawaru [**....]
Gold:   170        SH:  0    Dex: 21    Spells: 14/16 levels left

rFire   . . .        a - +1 sling {Teghnoor}
rCold   . . .        r - +0 sling {Rabi}
rNeg    . . .        f - +0 leather armour
rPois   .            (no helmet)
rElec   .            k - +0 cloak
rCorr   .            h - +1 pair of gloves
SInv    .            t - +1 pair of boots
Will    .....        (no amulet)
Stlth   +++          m - ring of willpower
HPRegen 0.31/turn    n - +5 ring of evasion
MPRegen 0.14/turn

%: no passive effects
@: weak-willed, heroic, immotile, revved
A: off-hand wielding, slow wielding, warmup strikes, legs shutdown
a: Renounce Religion, Heroism


You were on level 6 of the Dungeon.
You worshipped Okawaru.
Okawaru was pleased with you.
You visited 1 branch of the dungeon, and saw 6 of its levels.
You also visited: Sewer.

You collected 251 gold pieces.
You spent 81 gold pieces at shops.

Inventory:

Hand Weapons
 a - a +1 sling (weapon) {Teghnoor}
 r - a +0 sling (offhand) {Rabi}
Missiles
 F - a curare-tipped dart
Armour
 c - a +0 robe
 f - a +0 leather armour (worn)
 h - a +1 pair of gloves (worn)
 k - a +0 cloak (worn)
 t - a +1 pair of boots (worn)
Magical Staves
 l - a staff of death
Jewellery
 m - a ring of willpower (left grasper)
 n - a +5 ring of evasion (right grasper)
 o - a ring of poison resistance
 s - a +6 ring of strength
Wands
 q - a wand of polymorph (11)
Scrolls
 b - a scroll of poison
 d - 2 scrolls of fog
 g - a scroll of blinking
 u - 2 scrolls of vulnerability
 T - 3 scrolls of teleportation
Potions
 e - a potion of mutation {unknown}
 i - a potion of enlightenment {unknown}
 j - a potion of heal wounds {unknown}
 p - 2 potions of haste {unknown}
 w - 2 potions of invisibility {unknown}
 Q - 3 potions of curing


   Skills:
 + Level 5.2(10.2) Fighting
 + Level 6.4(11.4) Ranged Weapons
 - Level 1.7(6.7) Dodging
 + Level 4.4 Spellcasting
 + Level 5.5 Hexes
 - Level 0.8 Fire Magic


You had 14 spell levels left.
You knew the following spells:

 Your Spells              Type           Power      Damage    Failure   Level
a - Jinxbite              Hex            34%        N/A       4%          2

Your spell library contained the following spells:

 Spells                   Type           Power      Damage    Failure   Level
 Sigil of Binding         Hex            17%        N/A       9%          3
 Inner Flame              Hex/Fire       11%        N/A       22%         3
 Magic Dart               Conj           8%         1d3       26%         1
 Cause Fear               Hex            8%         N/A       28%         4
 Searing Ray              Conj           4%         2d4       38%         2
 Dimensional Bullseye     Hex/Tloc       5%         N/A       65%         4
 Fulminant Prism          Conj/Alch      1%         3d5       95%         4


Dungeon Overview and Level Annotations

Branches:
Dungeon (6/15)              Sewer (visited)
 Temple: D:4-7

Altars:
Ashenzari
Dithmenos
Fedhas
Makhleb
Nemelex Xobeh
Okawaru
Qazlal
Trog

Shops:
D:3 [*(=*   D:6 (

Annotations:
D:3 Grinder
D:4 2 transporters
D:6 Pikel


Innate Abilities, Weirdness & Mutations

You can wield a second weapon in your off-hand.
It takes a long time for you to wield or remove held weapons.
Your first few attacks do less damage.
Attacking and casting redirects power from your legs.


Message History

You are too injured to fight recklessly!
Unknown command.
Casting: Jinxbite (safe; 4% risk of failure)
Confirm with . or Enter, or press ? or * to list all spells.
Okay, then.
Unknown command.
You gain the combat prowess of a mighty hero.
You are no longer unable to travel.
The lemure misses you.
Pikel hits you with a +1 whip of electrocution.
* * * LOW HITPOINT WARNING * * *
You are electrocuted!
* * * LOW HITPOINT WARNING * * *
Unknown command.
You feel better. The lemure hits you.
* * * LOW HITPOINT WARNING * * *
Pikel closely misses you.
Unknown command.
Unknown command.
You shoot a sling bullet. The sling bullet barely misses Pikel.
You shoot a sling bullet.
The sling bullet hits Pikel but does no damage.
The lemure completely misses you.
Pikel hits you with a +1 whip of electrocution.
* * * LOW HITPOINT WARNING * * *
Unknown command.
You shoot a sling bullet.
The sling bullet hits Pikel but does no damage.
You shoot a sling bullet. The sling bullet hits Pikel.
Pikel is lightly wounded.
Pikel hits you with a +1 whip of electrocution.
* * * LOW HITPOINT WARNING * * *
Unknown command.
You shoot a sling bullet. The sling bullet hits Pikel.
Pikel is lightly wounded.
You shoot a sling bullet. The sling bullet hits Pikel.
Pikel is moderately wounded.
Pikel closely misses you.
Unknown command.
You shoot a sling bullet. The sling bullet misses Pikel.
You shoot a sling bullet. The sling bullet barely misses Pikel.
The lemure misses you. Pikel barely misses you. The lemure hits you.
* * * LOW HITPOINT WARNING * * *
Unknown command.
You shoot a sling bullet. The sling bullet misses Pikel.
You shoot a sling bullet. The sling bullet hits Pikel.
Pikel is moderately wounded.
The lemure misses you. Pikel hits you but does no damage.
You are electrocuted!
You die...
Pikel says, "See you in Hell!"

.<... . #.... ... ....
....###### ....#
......5@~## ##### #..#.
......K5~~###÷.~## #..#.
......$#.~##~...~# #....
.......#.≈#≈.≈#≈~# .....
.......#.≈#≈~≈#≈~# .....
.......#~≈#≈.≈#≈~# ##...
.#####.#~≈#≈.≈#≈.######.
..#~≈#≈.≈#≈.##.###.
..#.≈#≈~≈#≈~#......


You could see Pikel and 2 lemures.

Vanquished Creatures
  A hornet (D:4)
  A water moccasin (D:5)
  2 ogres (D:5)
  2 lemures (D:6)
  2 phantoms
  A kobold brigand (D:4)
  3 bullfrogs
  A gnoll sergeant (D:6)
  A scorpion (D:5)
  4 wights (D:4)
  A bombardier beetle (D:5)
  3 hounds (D:5)
  An orc priest (D:5)
  A jelly (D:6)
  A sleepcap (D:5)
  An iguana (D:5)
  An orc wizard (D:5)
  4 gnolls
  6 adders
  A white imp (D:6)
  2 ribbon worms (D:4)
  9 dart slugs
  4 orcs
  12 endoplasms
  12 giant cockroaches
  9 goblins
  10 hobgoblins
  8 jackals
  4 kobolds
  9 quokkas
  14 ball pythons
  5 bats
  7 frilled lizards
  3 rats
146 creatures vanquished.

Vanquished Creatures (others)
  A black bear (D:6)
  A hound (D:6)
  2 iguanas (D:6)
4 creatures vanquished.

Grand Total: 150 creatures vanquished

Notes
Turn   | Place    | Note
-------+----------+-------------------------------------------
     0 | D:1      | Sobieck the Coglin Hexslinger began the quest for the Orb.
     0 | D:1      | Reached XP level 1. HP: 15/15 MP: 2/2
    26 | D:1      | Reached skill level 2 in Ranged Weapons
    37 | D:1      | Found a faded altar of an unknown god.
    76 | D:1      | Reached XP level 2. HP: 21/21 MP: 3/3
   210 | D:1      | Reached skill level 3 in Ranged Weapons
   225 | D:1      | Reached XP level 3. HP: 26/26 MP: 4/4
   445 | D:1      | Reached XP level 4. HP: 32/32 MP: 5/5
   787 | D:2      | Reached skill level 4 in Ranged Weapons
   885 | D:2      | Learned a level 2 spell: Jinxbite
  1463 | D:3      | Found an iron altar of Okawaru.
  1470 | D:3      | Found Lorch's Weapon Shoppe.
  1479 | D:3      | Became a worshipper of Warmaster Okawaru
  1516 | D:3      | Found Ukoshre's Armour Boutique.
  1565 | D:3      | Noticed Grinder
  1757 | D:3      | Reached XP level 5. HP: 37/37 MP: 6/6
  1789 | D:3      | Found Wavvao's Jewellery Boutique.
  1832 | D:3      | Found Diess's General Store.
  1837 | D:3      | Bought a +0 sling for 21 gold pieces
  2019 | D:3      | Found a sparkling altar of Nemelex Xobeh.
  2059 | D:3      | Found Feal Vaik's Assorted Antiques.
  2067 | D:3      | Bought a scroll labelled MEOPTI ZUERGH for 30 gold pieces
  2067 | D:3      | Bought a scroll labelled XUPICZ FYLEXOX for 30 gold pieces
  2288 | D:3      | Reached skill level 3 in Hexes
  2437 | D:4      | Noticed a kobold brigand
  2445 | D:4      | Killed a kobold brigand
  2446 | D:4      | Reached XP level 6. HP: 13/44 MP: 5/8
  2641 | D:4      | Found a stormy altar of Qazlal.
  2700 | D:4      | Found a transporter.
  2769 | D:4      | Found a transporter.
  2814 | D:4      | Found a broken altar of Ashenzari.
  2839 | D:4      | Found a bloodstained altar of Trog.
  2898 | D:4      | Noticed a hornet
  2907 | D:4      | Killed a hornet
  2907 | D:4      | Reached * piety under Okawaru
  2908 | D:4      | Reached XP level 7. HP: 49/51 MP: 7/10
  3011 | D:4      | Reached skill level 3 in Fighting
  3011 | D:4      | Reached skill level 5 in Ranged Weapons
  3477 | D:5      | Entered Level 5 of the Dungeon
  3541 | D:5      | Reached skill level 3 in Spellcasting
  3687 | D:5      | Reached XP level 8. HP: 60/60 MP: 12/12
  3828 | D:5      | Reached ** piety under Okawaru
  4048 | D:5      | Found a burning altar of Makhleb.
  4588 | D:5      | Found a shadowy altar of Dithmenos.
  4593 | D:5      | Reached skill level 6 in Ranged Weapons
  4704 | D:6      | Found Okoikhloo's Antique Weapon Emporium.
  4723 | D:6      | Found a blossoming altar of Fedhas.
  4973 | D:6      | Found a glowing drain.
  4987 | Sewer    | Entered a sewer
  5209 | Sewer    | Reached XP level 9. HP: 54/68 MP: 15/15
  5279 | D:6      | Noticed Pikel
  5328 | D:6      | Slain by Pikel

Illustrated notes

Levels and vault maps discovered:
D:1:      dpeg_arrival_lava_temple_mockup, layout_loops_ring,
          ebering_ecumenical_altar_mist, minmay_tetromino_t2
D:2:      layout_loops_cross
D:3:      layout_basic, nemelex_spade_bored_becter, okawaru_metal_pillars_1_2,
          serial_shops, nicolae_diamond_shop, shop,
          nicolae_shop_tiny_waterfront, shop, nicolae_shop_tiny_glass,
          uniq_grinder
D:4:      gammafunk_wand_slinger, layout_basic, grunt_qazlal_sundering,
          trog_three_pillars_becter, nicolae_ashenzari_skybound
D:5:      layout_basic, mainiacjoe_overflow_24_doors, makhleb_heckhound_becter
D:6:      minmay_goblin_kobold_castle, layout_cave_pools,
          mainiacjoe_overflow_surrounded_room, xom_confusion_cloud,
          nicolae_tso_carved_into_rock, eat_drink_and_be_merry_uskayaw,
          gup_sewer_entry_pipe, serial_shops, shop, st_stairs_14,
          serial_library_hellmonk_double_dead_end, kennysheep_pointless_box,
          uniq_eustachio, uniq_pikel

Skill      XL: |  1  2  3  4  5  6  7  8 |
---------------+-------------------------+-----
Ranged Weapons | 2 3 4 5 6 |  6.4
Hexes          | 3 4 5 |  5.5
Fighting       | 2 3 5 |  5.2
Spellcasting   | 2 3 4 |  4.4
Dodging        | |  1.7
Fire Magic     | |  0.8

Action                     |  1- 3 |  4- 6 |  7- 9 || total
---------------------------+-------+-------+-------++-------
   Fire: Sling             |    74 |   243 |   484 ||   801
   Cast: Jinxbite          |       |     2 |     3 ||     5
 Invoke: Heroism           |       |       |     2 ||     2
    Use: Scroll            |       |     4 |     5 ||     9
         Potion            |       |       |     1 ||     1
 Armour: Robe              |     1 |       |       ||     1
         Leather armour    |    13 |    25 |    54 ||    92
  Dodge: Dodged            |    15 |    61 |    77 ||   153

Table legend: (Time is in decaauts)
 A = Elapsed time spent in this place.
 B = Non-inter-level travel time spent in this place.
 C = Inter-level travel time spent in this place.
 D = Time resting spent in this place.
 E = Time spent auto-exploring this place.
 F = Levels seen in this place.
 G = Mean time per level.
                   A        B        C        D        E       F      G
               +--------+--------+--------+--------+--------+-----+--------+
         Total |   5477 |   5301 |    176 |    430 |   3602 |   7 |  782.4 |
       Dungeon |   5154 |   4978 |    176 |    406 |   3529 |   6 |  859.0 |
         Sewer |    322 |    322 |      0 |     24 |     72 |   1 |  322.0 |
               +--------+--------+--------+--------+--------+-----+--------+

Top non-repeatable levels by time:
     D:5: 1271 daAuts
     D:4: 1173 daAuts
     D:3: 938 daAuts
     D:1: 784 daAuts
     D:2: 657 daAuts
     D:6: 330 daAuts
   Sewer: 322 daAuts
